 Dungeon Crawl Stone Soup version 0.28-a0-1199-gef9e1dbd39 (webtiles) character file.

Game seed: 2340149066551947328

77 timneilson the Skirmisher (level 4, -7/35 HPs)
             Began as a Demonspawn Abyssal Knight on Dec 19, 2021.
             Was a Believer of Lugonu.
             Mangled by a river rat (8 damage)
             ... summoned by Eustachio
             ... on level 4 of the Dungeon.
             The game lasted 00:03:45 (2302 turns).

timneilson the Skirmisher (DsAK)                    Turns: 2302, Time: 00:03:45

Health: -7/35      AC:  5    Str: 15    XL:     4   Next: 13%
Magic:  6/6        EV: 11    Int: 11    God:    Lugonu [**....]
Gold:   71         SH:  0    Dex: 14    Spells: 3/3 levels left

rFire   . . .      SeeInvis .   a - +1 falchion
rCold   . . .      Faith    .   (no shield)
rNeg    . . .      Spirit   .   b - +0 leather armour
rPois   .          Reflect  .   (no helmet)
rElec   .          Harm     .   (no cloak)
rCorr   .          Rampage  .   k - +1 pair of gloves
Will    .....                   (no boots)
Stlth   +.........              (no amulet)
HPRegen 0.11/turn               (no ring)
MPRegen 0.10/turn               (no ring)

@: lethally poisoned (-7 -> -16)
A: powered by pain 1, demonic magic 1
a: Renounce Religion, Depart the Abyss, Bend Space


You were on level 4 of the Dungeon.
You worshipped Lugonu.
Lugonu was pleased with you.
You visited 1 branch of the dungeon, and saw 6 of its levels.
You visited the Abyss 1 time.

You collected 71 gold pieces.

Inventory:

Hand Weapons
 a - a +1 falchion (weapon)
Armour
 b - a +0 leather armour (worn)
 k - a +1 pair of gloves (worn)
Scrolls
 g - a scroll of teleportation
Potions
 c - a potion of flight
 d - a potion of ambrosia {unknown}
 e - a potion of invisibility {unknown}
 f - a potion of lignification {unknown}
 h - a potion of magic {unknown}
 i - a potion of heal wounds {unknown}


   Skills:
 + Level 3.2 Fighting
 * Level 2.6 Long Blades
 * Level 2.6 Armour
 + Level 1.3 Dodging
 + Level 3.2 Invocations


You had 3 spell levels left.
You didn't know any spells.
Your spell library was empty.

Dungeon Overview and Level Annotations

Branches:
Dungeon (6/15)
 Temple: D:4-7

Altars:

Annotations:
D:4 Eustachio


Innate Abilities, Weirdness & Mutations

You sometimes gain a little power by taking damage.
Spells you cast may paralyse adjacent enemies.


Message History

There is an entrance to a sewer on this level.
Hurry and find it before the portal rusts away!
Eustachio shouts!
Found 26 stones and the +8 storm bow {elec, penet}.
Found a stone staircase leading down.
There is a stone staircase leading down here.
Okay, then.
Eustachio casts a spell.
Eustachio blinks!
Found a human corpse.
Eustachio casts a spell.
Eustachio blinks!
You closely miss Eustachio. Eustachio barely misses you.
You hit Eustachio but do no damage. Eustachio barely misses you.
You barely miss Eustachio.
Eustachio hits you with a +1 rapier of venom.
You are poisoned.
You hit Eustachio but do no damage.
You feel very sick.
Eustachio casts a spell.
You closely miss Eustachio.
You feel sick. Eustachio closely misses you. The river rat bites you!
The rat bites you.
You hit Eustachio.
Eustachio is lightly wounded.
You feel sick.
Eustachio hits you with a +1 rapier of venom.
* * * LOW HITPOINT WARNING * * *
You are lethally poisoned!
The river rat misses you. The rat bites you but does no damage.
Eustachio mumbles some strange words.
Eustachio blinks!
* * * LOW HITPOINT WARNING * * *
You feel very sick. The river rat bites you.
* * * LOW HITPOINT WARNING * * *
The river rat barely misses you.
* * * LOW HITPOINT WARNING * * *
You feel sick. The river rat bites you.
* * * LOW HITPOINT WARNING * * *
The river rat bites you!
You die...

† # .. .#...
#######...).
###..>...##...
#.....@....(..
#.#@r....##>..
# #rr....# .
#......#
########


You could see Eustachio, 2 river rats and a rat (summoned).

Vanquished Creatures
  2 adders (D:3)
  2 worms (D:2)
  A dart slug (D:1)
  An orc (D:6)
  4 ball pythons
  5 bats
  5 endoplasms
  5 giant cockroaches
  2 goblins
  7 hobgoblins
  2 quokkas (D:2)
  A frilled lizard (D:1)
  4 kobolds
  6 rats
47 creatures vanquished.

Notes
Turn   | Place    | Note
-------+----------+-------------------------------------------
     0 | Abyss:1  | timneilson the Demonspawn Abyssal Knight began the quest
                  | for the Orb.
     0 | Abyss:1  | Reached XP level 1. HP: 18/18 MP: 2/2
    28 | Abyss:1  | Noticed a small abomination
    30 | D:1      | Escaped the Abyss
   185 | D:1      | Reached skill level 1 in Dodging
   206 | D:1      | Gained mutation: Spells you cast may paralyse adjacent
                  | enemies. [demonic ancestry]
   206 | D:1      | Reached XP level 2. HP: 24/24 MP: 3/3
   385 | D:1      | Reached * piety under Lugonu
  1006 | D:2      | Reached XP level 3. HP: 29/29 MP: 5/5
  2145 | D:3      | Gained mutation: You sometimes gain a little power by
                  | taking damage. [demonic ancestry]
  2145 | D:3      | Reached XP level 4. HP: 29/35 MP: 6/6
  2236 | D:3      | You fall into a shaft and drop 3 floors!
  2257 | D:6      | Reached ** piety under Lugonu
  2272 | D:6      | Noticed an ogre
  2276 | D:5      | Entered Level 5 of the Dungeon
  2276 | D:5      | Noticed a phantom
  2290 | D:4      | Noticed Eustachio
  2290 | D:4      | Found the +8 storm bow {elec, penet}
  2302 | D:4      | HP: 1/35 [river rat[Eustachio] (1)]
  2302 | D:4      | Mangled by a river rat

Illustrated notes

Levels and vault maps discovered:
D:1:      onia_arrival_handbag, layout_rooms, grunt_decor_fettered
D:2:      layout_rooms
D:3:      layout_loops_cross, lemuel_tele_altar,
          chequers_ecumenical_altar_island, uniq_ijyb, uniq_jessica,
          uniq_crazy_yiuf_cottage
D:4:      layout_basic, serial_shops, nicolae_shop_bloodbath_and_beyond,
          gup_sewer_entry_bubbles, hangedman_abyss_or_decor_stagger,
          uniq_eustachio
D:5:      layout_basic, kiku_gazebo_pond_becter, mainiacjoe_overflow_24_doors,
          chequers_temple_overflow_statue_of_worship, temple_statues
D:6:      layout_cave_pools, mainiacjoe_overflow_six_doors_small,
          mainiacjoe_overflow_catwalk_spiral

Skill      XL: |  1  2  3 |
---------------+----------+-----
Dodging        | 1 |  1.3
Long Blades    | 2 |  2.6
Armour         | 2 |  2.6
Invocations    | 3 |  3.2
Fighting       | |  3.2

Action                   |  1- 3 |  4- 6 || total
-------------------------+-------+-------++-------
Melee: Falchion          |   126 |     9 ||   135
Invok: Depart the Abyss  |     1 |       ||     1
  Use: Scroll            |     7 |     1 ||     8
 Stab: Sleeping          |     1 |       ||     1
Armor: Leather armour    |    31 |     2 ||    33
Dodge: Dodged            |    65 |     8 ||    73

Table legend: (Time is in decaauts)
 A = Elapsed time spent in this place.
 B = Non-inter-level travel time spent in this place.
 C = Inter-level travel time spent in this place.
 D = Time resting spent in this place.
 E = Time spent auto-exploring this place.
 F = Levels seen in this place.
 G = Mean time per level.
                   A        B        C        D        E       F      G
               +--------+--------+--------+--------+--------+-----+--------+
         Total |   2326 |   2285 |     41 |      0 |   1808 |   7 |  332.3 |
       Dungeon |   2296 |   2255 |     41 |      0 |   1808 |   6 |  382.7 |
         Abyss |     30 |     30 |      0 |      0 |      0 |   1 |   30.0 |
               +--------+--------+--------+--------+--------+-----+--------+

Top non-repeatable levels by time:
     D:2: 994 daAuts
     D:1: 806 daAuts
     D:3: 430 daAuts
     D:6: 40 daAuts
 Abyss:1: 30 daAuts
     D:5: 13 daAuts
     D:4: 12 daAuts
